 Dungeon Crawl Stone Soup version bcrawl-1.21.3-16-g7f46a08de7 (webtiles) character file.

Game seed: 1577458960721358781

51 Anathary the Insei (level 4, -8/35 HPs)
             Began as a Human Martial Artist on Apr 30, 2020.
             Was a Follower of Wu Jian.
             Mangled by a gnoll
             ... wielding a +0 halberd
              (9 damage)
             ... on level 2 of the Dungeon.
             The game lasted 00:03:10 (1416 turns).

Anathary the Insei (Human Martial Artist)           Turns: 1416, Time: 00:03:10

Health: -8/35      AC:  4    Str: 13    XL:     4   Next: 5%
Magic:  5/5        EV: 14    Int:  9    God:    Wu Jian [*.....]
Gold:   98         SH:  0    Dex: 16    Spells: 4/5 levels left

rFire    + . .     SeeInvis .     - Unarmed
rCold    x . .     Gourm    .   (no shield)
rNeg     + . .     Faith    .   a - +2 robe
rPois    .         Spirit   .   (no helmet)
rElec    .         Reflect  .   (no cloak)
rCorr    .         Harm     .   (no gloves)
MR       .....                  (no boots)
Stlth    ++........             (no amulet)
HPRegen  0.11/turn              g - ring of fire
MPRegen  0.09/turn              i - ring of positive energy

@: no status effects
A: no striking features
a: Wall Jump, Renounce Religion


You were on level 2 of the Dungeon.
You worshipped Wu Jian.
Wu Jian was aware of your devotion.
You were not hungry.

You visited 1 branch of the dungeon, and saw 2 of its levels.

You collected 98 gold pieces.

Inventory:

Armour
 a - a +2 robe (worn)
Jewellery
 g - a ring of fire (left hand)
 i - a ring of positive energy (right hand)
Scrolls
 c - a scroll of identify
Potions
 b - a potion of agility
 d - a potion of flight


   Skills:
 + Level 3.1 Fighting
 + Level 3.6 Dodging
 + Level 1.8 Stealth
 + Level 5.3 Unarmed Combat
 + Level 1.0 Spellcasting
 + Level 1.1 Hexes


You had 4 spell levels left.
You knew the following spells:

 Your Spells              Type           Power        Failure   Level  Hunger
a - Confusing Touch       Hex            #.......     24%         1    ##.....
Your spell library was empty.

Dungeon Overview and Level Annotations

Branches:
Dungeon (2/12)

Altars:
Dithmenos
Uskayaw


Message History

The leopard gecko closely misses you. The gnoll misses you.
You punch the worm!
The worm is heavily wounded.
The kobold hits you but does no damage. The leopard gecko closely misses you.
The gnoll misses you. The worm barely misses you.
You hit the worm.
The worm is severely wounded.
The leopard gecko bites you but does no damage.
The kobold hits you but does no damage. The gnoll misses you.
You barely miss the worm.
The worm is severely wounded.
The leopard gecko barely misses you.
The kobold hits you with a +0 short sword.
* * * LOW HITPOINT WARNING * * *
The worm barely misses you. The leopard gecko bites you.
* * * LOW HITPOINT WARNING * * *
You barely miss the worm.
The worm is severely wounded.
The gnoll hits you from afar with a +0 halberd!
You die...

#.......#....
#............
.##............
....>..........
...............
.##..g.........
........w......
......l@.......
..#...K........
#.#.....#.... #
###.### ###
#### #.### #.#.
#...# ##...
###.# #...# #.#
##...# #.##
#..###


You could see a worm, a gnoll, a leopard gecko and a kobold.

Vanquished Creatures
  An adder (D:2)
  2 oozes
  A worm (D:1)
  An orc (D:2)
  4 bats
  A giant cockroach (D:1)
  5 goblins (D:1)
  4 hobgoblins
  3 kobolds
  A quokka (D:2)
  A frilled lizard (D:1)
  5 rats
29 creatures vanquished.

Vanquished Creatures (others)
  4 toadstools (D:1)
4 creatures vanquished.

Grand Total: 33 creatures vanquished

Notes
Turn   | Place    | Note
-------+----------+-------------------------------------------
     0 | D:1      | Anathary the Human Martial Artist began the quest for the
                  | Orb.
     0 | D:1      | Reached XP level 1. HP: 18/18 MP: 2/2
   256 | D:1      | Reached XP level 2. HP: 24/24 MP: 3/3
   391 | D:1      | Reached skill level 5 in Unarmed Combat
   659 | D:1      | Reached XP level 3. HP: 28/29 MP: 4/4
  1366 | D:2      | Reached XP level 4. HP: 35/35 MP: 5/5
  1395 | D:2      | Found a hide-covered altar of Uskayaw.
  1395 | D:2      | Found a shadowy altar of Dithmenos.
  1415 | D:2      | HP: 1/35 [leopard gecko (2)]
  1416 | D:2      | Mangled by a gnoll

Skill      XL: |  1  2 |
---------------+-------+-----
Unarmed Combat | 5 |  5.3
Fighting       | |  3.1
Dodging        | |  3.6
Stealth        | |  1.8
Spellcasting   | |  1.0
Hexes          | |  1.1

Action                   |  1- 3 |  4- 6 || total
-------------------------+-------+-------++-------
Melee: Unarmed           |    84 |    11 ||    95
       Punch             |     2 |       ||     2
Invok: Whirlwind         |     6 |       ||     6
       Lunge             |     5 |     1 ||     6
  Use: Scroll            |     5 |       ||     5
 Stab: Sleeping          |     2 |       ||     2
  Eat: Ration            |     1 |       ||     1
Armor: Robe              |    11 |     3 ||    14
Dodge: Dodged            |    57 |    15 ||    72
